 Dungeon Crawl Stone Soup version 0.30-a0-23-ge60ba3568b (webtiles) character file.

Game seed: 616995987495715081

322 SensoryNuts the Chopper (level 6, -2/56 HPs)
             Began as a Minotaur Fighter on Aug 25, 2022.
             Slain by Pikel
             ... wielding a +2 whip of electrocution
              (6 damage)
             ... on level 4 of the Dungeon.
             The game lasted 00:05:02 (3104 turns).

SensoryNuts the Chopper (Minotaur Fighter)          Turns: 3104, Time: 00:05:02

Health: -2/56      AC:  8    Str: 20    XL:     6   Next: 22%
Magic:  5/5        EV:  9    Int:  5    God:
Gold:   212        SH:  5    Dex: 12    Spells: 5/5 levels left

rFire   . . .      SeeInvis .    a - +0 war axe (spect)
rCold   . . .      Faith    .    c - +0 buckler
rNeg    . . .      Spirit   .    b - +0 scale mail
rPois   .          Reflect  .    (helmet restricted)
rElec   .          Harm     .    (no cloak)
rCorr   .          Rampage  .    q - +0 pair of gloves
Will    .....                    (no boots)
Stlth   ..........               (no amulet)
HPRegen 0.18/turn                (no ring)
MPRegen 0.09/turn                (no ring)

@: mighty, studying Stealth
A: horns 2, retaliatory headbutt
a: no special abilities


You were on level 4 of the Dungeon.
You visited 1 branch of the dungeon, and saw 4 of its levels.

You collected 212 gold pieces.

Inventory:

Hand Weapons
 a - a +0 spectral war axe (weapon)
Missiles
 r - a throwing net (quivered)
Armour
 b - a +0 scale mail (worn)
 c - a +0 buckler (worn)
 q - a +0 pair of gloves (worn)
Wands
 k - a wand of mindburst (13)
 o - a wand of paralysis (10)
Scrolls
 e - 2 scrolls of teleportation
 l - 2 scrolls of enchant armour {unknown}
 p - a scroll of fear {unknown}
Potions
 d - 3 potions of might
 f - a potion of magic {unknown}
 g - a potion of attraction {unknown}
 h - 2 potions of lignification {unknown}
 i - a potion of curing {unknown}
 j - a potion of invisibility {unknown}
 m - a potion of mutation {unknown}
 n - a potion of haste {unknown}


   Skills:
 + Level 5.1 Fighting
 + Level 5.4 Axes
 + Level 5.0 Armour
 + Level 0.7 Dodging
 + Level 0.8 Stealth
 + Level 4.2 Shields


You had 5 spell levels left.
You didn't know any spells.
Your spell library contained the following spells:

 Spells                   Type           Power      Damage    Failure   Level
 Summon Ice Beast         Ice/Summ       0%         N/A       100%        4
 Summon Mana Viper        Hex/Summ       0%         N/A       100%        5
 Monstrous Menagerie      Summ           0%         N/A       100%        7


Dungeon Overview and Level Annotations

Branches:
Dungeon (4/15)
 Temple: D:4-7

Altars:

Annotations:
D:4 Pikel


Innate Abilities, Weirdness & Mutations

You have a pair of horns on your head.
You reflexively headbutt those who attack you in melee.


Message History

The gnoll hits you with a +0 spear. x2
A lemure comes into view.
The lemure shouts!
You slash the gnoll!
The gnoll is almost dead.
You closely miss the lemure.
Your +0 spectral war axe barely misses the lemure.
The lemure barely misses you. You furiously retaliate!
You headbutt the lemure. You block the gnoll's attack.
You slash the gnoll!
You kill the gnoll!
You slash the lemure!
Your +0 spectral war axe hits the lemure!
You kill the lemure!
That felt strangely unrewarding.
A lemure comes into view.
You see here a +0 spear.
You feel very mighty all of a sudden.
Pikel drinks a potion.
Pikel seems to grow stronger.
Things that are here:
a +0 halberd; a gnoll corpse You barely miss Pikel.
Your headbutt misses Pikel.
Your +0 spectral war axe completely misses Pikel.
A lemure comes into view.
Pikel misses you. Pikel closely misses you.
You barely miss Pikel.
Your +0 spectral war axe hits Pikel but does no damage.
Pikel hits you with a +2 whip of electrocution.
You slash Pikel!
Pikel is moderately wounded.
Your +0 spectral war axe hits Pikel.
Pikel hits you with a +2 whip of electrocution!
* * * LOW HITPOINT WARNING * * *
You are electrocuted!
* * * LOW HITPOINT WARNING * * *
You slash Pikel! You headbutt Pikel!
Pikel is almost dead.
Your +0 spectral war axe hits Pikel but does no damage.
Pikel hits you with a +2 whip of electrocution.
You die...

#### ..# #.#
############## #)#
#.............
.######@###.############
...555K()...#
#######.##### #.# #.#
#### #.# #... #.# #.##
#.# #.# ##.## #.#


You could see Pikel (strong), 3 lemures and a friendly +0 spectral war axe
(summoned).

Vanquished Creatures
  A water moccasin (D:4)
  A black bear (D:4)
  A lemure (D:4)
  An adder (D:2)
  7 gnolls (D:4)
  2 worms
  3 bats
  6 endoplasms
  4 giant cockroaches
  4 goblins (D:3)
  2 hobgoblins
  6 ball pythons
  2 frilled lizards (D:2)
  5 kobolds
  9 rats
54 creatures vanquished.

Vanquished Creatures (others)
  2 plants (D:1)
2 creatures vanquished.

Grand Total: 56 creatures vanquished

Notes
Turn   | Place    | Note
-------+----------+-------------------------------------------
     0 | D:1      | SensoryNuts the Minotaur Fighter began the quest for the
                  | Orb.
     0 | D:1      | Reached XP level 1. HP: 19/19 MP: 0/0
   527 | D:1      | Found a faded altar of an unknown god.
   534 | D:1      | Reached XP level 2. HP: 27/27 MP: 1/1
  1009 | D:2      | Identified the +0 leather armour "Onomoat" {rC+ Will- Int+3
                  | Slay+2}
  1166 | D:2      | Reached XP level 3. HP: 31/33 MP: 2/2
  1986 | D:3      | Identified the +0 scale mail of Wrong Decisions {Int+3}
  2728 | D:4      | Reached XP level 4. HP: 41/41 MP: 3/3
  2861 | D:4      | Noticed a water moccasin
  2865 | D:4      | Killed a water moccasin
  2866 | D:4      | Reached XP level 5. HP: 47/47 MP: 4/4
  2881 | D:4      | Noticed a black bear
  2887 | D:4      | Killed a black bear
  2888 | D:4      | Reached skill level 5 in Fighting
  2888 | D:4      | Reached skill level 5 in Axes
  2888 | D:4      | Reached skill level 5 in Armour
  2888 | D:4      | Reached XP level 6. HP: 44/56 MP: 5/5
  3094 | D:4      | Noticed Pikel
  3104 | D:4      | Slain by Pikel

Illustrated notes

Levels and vault maps discovered:
D:1:      moated_graveyard_arrival, layout_basic,
          dilly_ecumenical_altar_fadedgnrine
D:2:      layout_loops_ring, corexii_leaking_fountain
D:3:      layout_basic
D:4:      layout_loops_ring, hangedman_decor_slide_cut, minmay_manual_mullet,
          uniq_pikel

Skill      XL: |  1  2  3  4  5 |
---------------+----------------+-----
Fighting       | 4 5 |  5.1
Armour         | 4 5 |  5.0
Shields        | 4 |  4.2
Axes           | 3 4 5 |  5.4
Dodging        | |  0.7
Stealth        | |  0.8

Action                   |  1- 3 |  4- 6 || total
-------------------------+-------+-------++-------
Melee: War axe           |    77 |    18 ||    95
       Headbutt          |    10 |     3 ||    13
  Use: Scroll            |     5 |       ||     5
       Potion            |       |     1 ||     1
Armor: Scale mail        |    34 |     8 ||    42
Dodge: Dodged            |    30 |    12 ||    42
Block: Buckler           |    20 |     4 ||    24

Table legend: (Time is in decaauts)
 A = Elapsed time spent in this place.
 B = Non-inter-level travel time spent in this place.
 C = Inter-level travel time spent in this place.
 D = Time resting spent in this place.
 E = Time spent auto-exploring this place.
 F = Levels seen in this place.
 G = Mean time per level.
                   A        B        C        D        E       F      G
               +--------+--------+--------+--------+--------+-----+--------+
         Total |   3166 |   3015 |    151 |    203 |   2417 |   4 |  791.5 |
       Dungeon |   3166 |   3015 |    151 |    203 |   2417 |   4 |  791.5 |
               +--------+--------+--------+--------+--------+-----+--------+

Top non-repeatable levels by time:
     D:2: 1052 daAuts
     D:3: 861 daAuts
     D:1: 768 daAuts
     D:4: 484 daAuts
